 Dungeon Crawl Stone Soup version 0.31-a0-557-g6e16503903 (webtiles) character file.

Game seed: 11764798477719974980

4938 mobinator the Cleaver (level 10, -8/91 HPs)
             Began as a Hill Orc Fighter on Aug 16, 2023.
             Was an Elder of Okawaru.
             Mangled by a boulder beetle (17 damage)
             ... on level 8 of the Dungeon.
             The game lasted 00:22:01 (6558 turns).

mobinator the Cleaver (Hill Orc Fighter)            Turns: 6558, Time: 00:22:02

Health: -8/91      AC: 18    Str: 24    XL:     10   Next: 52%
Magic:  10/10      EV:  9    Int:  8    God:    Okawaru [****..]
Gold:   354        SH:  5    Dex: 10    Spells: 9/9 levels left

rFire   + . .        a - +1 war axe
rCold   . . .        c - +0 buckler
rNeg    . . .        y - +5 scale mail of the Farrier {rPois Slay+2 SInv}
rPois   +            o - +0 helmet
rElec   .            (no cloak)
rCorr   +            p - +0 pair of gloves
SInv    +            G - +1 pair of boots
Will    .....        q - amulet of regeneration Stlth
                     A - ring of protection from fire
HPRegen 1.15/turn    E - ring of resist corrosion
MPRegen 0.12/turn

%: no passive effects
@: mighty, about to teleport
A: no striking features
a: Renounce Religion, Heroism, Finesse


You were on level 8 of the Dungeon.
You worshipped Okawaru.
Okawaru was greatly pleased with you.
You visited 1 branch of the dungeon, and saw 8 of its levels.

You collected 354 gold pieces.

Inventory:

Hand Weapons
 a - a +1 war axe (weapon)
Missiles
 h - 2 throwing nets
Armour
 b - a +0 scale mail
 c - a +0 buckler (worn)
 d - a +4 chain mail of fire resistance
 o - a +0 helmet (worn)
 p - a +0 pair of gloves (worn)
 r - a +0 plate armour
 v - a +0 pair of boots
 w - a scarf of invisibility
 y - the +5 scale mail of the Farrier (worn) {rPois Slay+2 SInv}
   (You found it on level 5 of the Dungeon)

   Slay+2:    It affects your accuracy & damage with ranged weapons and melee
   (+2).
   rPois:     It protects you from poison SInv: It lets you see invisible.
 G - a +1 pair of boots (worn)
Jewellery
 m - a ring of see invisible
 q - an amulet of regeneration (around neck)
 A - a ring of protection from fire (left hand)
 E - a ring of resist corrosion (right hand)
Wands
 s - a wand of acid (10)
Scrolls
 e - a scroll of enchant weapon
 g - 2 scrolls of teleportation
 i - a scroll of poison {unknown}
 j - a scroll of torment {unknown}
 l - a scroll of fog
 n - a scroll of identify
 t - a scroll of silence {unknown}
 C - 4 scrolls of noise
 D - a scroll of enchant armour {unknown}
 F - a scroll of vulnerability {unknown}
 H - a scroll of brand weapon {unknown}
Potions
 f - a potion of haste {unknown}
 u - 2 potions of curing
 x - 2 potions of cancellation
 z - a potion of might
 B - 2 potions of attraction {unknown}
 I - a potion of brilliance {unknown}


   Skills:
 + Level 9.0 Fighting
 * Level 12.7 Axes
 + Level 8.2 Armour
 + Level 8.2 Shields


You had 9 spell levels left.
You didn't know any spells.
Your spell library contained the following spells:

 Spells                   Type           Power      Damage    Failure   Level
 Freeze                   Ice            0%         1d3       73%         1
 Kiss of Death            Conj/Necr      0%         2d5       73%         1
 Confusing Touch          Hex            0%         N/A       97%         3
 Frozen Ramparts          Ice            0%         1d1       97%         3
 Hailstorm                Conj/Ice       0%         3d3       97%         3
 Dispel Undead            Necr           0%         3d6       100%        4


Dungeon Overview and Level Annotations

Branches:
Dungeon (8/15)             Temple (0/1) D:7
   Lair: D:8-11

Altars:
Okawaru

Shops:
D:3 [   D:4 **   D:8 =

Annotations:
D:2 1 runed translucent door, Crazy Yiuf


Message History

You hear a shout!
The unseen horror hits you but does no damage.
You hear an angry buzzing noise.
You slash the boulder beetle!
The boulder beetle is lightly wounded.
The unseen horror hits you.
You hit the boulder beetle.
The boulder beetle is lightly wounded.
You slash the unseen horror! The unseen horror hits you!
A kobold brigand comes into view.
It is wielding a +4 rapier and quivering curare-tipped darts.
The boulder beetle leaps!
An orc comes into view. It is wielding a +0 club.
The kobold brigand shouts!
You hit the boulder beetle.
The boulder beetle is moderately wounded.
The centaur wields a +0 shortbow.
The centaur shoots an arrow.
The arrow hits you! The unseen horror barely misses you.
The boulder beetle leaps!
The centaur shoots an arrow.
The arrow hits you.
You barely miss the unseen horror.
The unseen horror is heavily wounded.
The unseen horror hits you but does no damage. x2
The centaur shoots an arrow.
The arrow hits you!
* * * LOW HITPOINT WARNING * * *
You slash the unseen horror!
The unseen horror is almost dead.
You barely miss the boulder beetle.
The unseen horror hits you but does no damage.
The unseen horror hits you.
* * * LOW HITPOINT WARNING * * *
The centaur shoots an arrow.
The arrow hits you.
* * * LOW HITPOINT WARNING * * *
The boulder beetle bites you.
* * * LOW HITPOINT WARNING * * *
As you read the scroll of teleportation, it crumbles to dust.
You feel strangely unstable.
You are no longer corroded.
The centaur shoots an arrow.
The arrow hits you!
* * * LOW HITPOINT WARNING * * *
You block the unseen horror's attack. The boulder beetle bites you!
You die...

######
###
.....#
##?#
.....#
##..#
.....#
##B@.#
.....#
#.x)†#
.....#
#####cco#
.....# .


Y#oo. .#####.# yK ## .# #.# #J# .# #..# .# .###..# .# .....# You could see a
catoblepas, a boulder beetle, an unseen horror (invisible), a kobold brigand, 2
centaurs, a jelly and 2 orcs.

Vanquished Creatures
  Jeremiah (D:8)
  An unseen horror (D:7)
  5 wyverns
  A vampire (D:7)
  4 yaks
  A steam dragon (D:8)
  An acid dragon (D:8)
  Edmund (D:4)
  Menkaure (D:6)
  A water moccasin (D:8)
  2 ice beasts
  An orc warrior (D:7)
  A black bear (D:6)
  2 centaurs
  2 phantoms
  A kobold brigand (D:6)
  2 bullfrogs
  2 scorpions
  2 wights (D:7)
  A howler monkey (D:6)
  6 jellies
  4 hounds
  3 orc priests
  2 gnoll boudas (D:7)
  Ijyb (D:4)
  2 sleepcaps (D:6)
  2 iguanas
  5 orc wizards
  23 gnolls
  12 adders
  A shadow imp (D:7)
  5 white imps
  2 ufetubi (D:5)
  A worm (D:4)
  3 dart slugs
  22 orcs
  5 ball pythons
  7 bats
  8 endoplasms
  3 giant cockroaches
  3 hobgoblins
  3 jackals (D:1)
  9 kobolds
  5 quokkas
  3 frilled lizards
  5 goblins
  6 rats
184 creatures vanquished.

Notes
Turn   | Place    | Note
-------+----------+-------------------------------------------
     0 | D:1      | mobinator the Hill Orc Fighter began the quest for the Orb.
     0 | D:1      | Reached XP level 1. HP: 19/19 MP: 1/1
    30 | D:1      | Reached skill level 3 in Axes
    30 | D:1      | Reached XP level 2. HP: 9/27 MP: 2/2
   366 | D:1      | Reached XP level 3. HP: 21/33 MP: 3/3
   983 | D:2      | Reached skill level 4 in Axes
   983 | D:2      | Reached XP level 4. HP: 27/40 MP: 4/4
  1243 | D:2      | Reached XP level 5. HP: 32/47 MP: 5/5
  1687 | D:2      | Found an iron altar of Okawaru.
  1706 | D:2      | Became a worshipper of Warmaster Okawaru
  1857 | D:2      | Found a runed translucent door.
  1858 | D:2      | Noticed Crazy Yiuf
  1990 | D:3      | Reached skill level 5 in Axes
  2358 | D:3      | Found Doebbop's Antique Armour Emporium.
  2765 | D:4      | Reached XP level 6. HP: 45/55 MP: 6/6
  2775 | D:4      | Found Welal's Specific Store.
  2780 | D:4      | Found Obetysud's General Store.
  2810 | D:4      | Noticed Ijyb
  2826 | D:4      | Killed Ijyb
  2895 | D:4      | Noticed Edmund
  2915 | D:4      | Killed Edmund
  2916 | D:4      | Reached skill level 5 in Fighting
  2916 | D:4      | Reached skill level 6 in Axes
  3650 | D:4      | Reached XP level 7. HP: 56/58 MP: 7/7
  3652 | D:4      | Reached * piety under Okawaru
  3707 | D:5      | Entered Level 5 of the Dungeon
  3715 | D:5      | Identified the +5 scale mail of the Farrier {rPois Slay+2
                  | SInv}
  3772 | D:5      | Reached skill level 5 in Armour
  3891 | D:5      | Reached skill level 7 in Axes
  3891 | D:5      | Reached skill level 5 in Shields
  4222 | D:5      | Reached XP level 8. HP: 70/70 MP: 8/8
  4447 | D:6      | Reached skill level 8 in Axes
  4447 | D:6      | Reached ** piety under Okawaru
  4809 | D:6      | Reached skill level 9 in Axes
  4913 | D:6      | Noticed Menkaure
  4929 | D:6      | Killed Menkaure
  4930 | D:6      | Reached XP level 9. HP: 23/79 MP: 9/9
  5208 | D:7      | Reached *** piety under Okawaru
  5209 | D:7      | Reached skill level 10 in Axes
  5302 | D:7      | Noticed an unseen horror
  5305 | D:7      | Reached **** piety under Okawaru
  5316 | D:7      | Reached skill level 11 in Axes
  5319 | D:7      | Killed an unseen horror
  5632 | D:7      | Reached XP level 10. HP: 87/88 MP: 10/10
  5737 | D:7      | Found a staircase to the Ecumenical Temple.
  6332 | D:8      | Reached skill level 12 in Axes
  6364 | D:8      | Found Nalov's One-of-a-Kind Rings.
  6379 | D:8      | Noticed Jeremiah
  6386 | D:8      | Killed Jeremiah
  6495 | D:8      | Noticed a cyclops
  6500 | D:8      | Noticed a tengu warrior
  6504 | D:8      | Noticed a death knight
  6507 | D:8      | Noticed a boulder beetle
  6509 | D:8      | Noticed an unseen horror
  6512 | D:8      | Noticed a manticore
  6515 | D:8      | Noticed a catoblepas
  6558 | D:8      | Mangled by a boulder beetle

Illustrated notes

Levels and vault maps discovered:
D:1:      dpeg_arrival_shelter, layout_loops_ring, minmay_misc_feat_tower
D:2:      layout_basic, basic_altar, uniq_crazy_yiuf_cottage
D:3:      layout_rooms, serial_shops, nicolae_shop_scrapyard, serial_bayou,
          serial_bayou_pond_e, serial_bayou_pond_e, serial_bayou_pond_b,
          serial_bayou_pond_a, st_stairs_11, corner_web_ring
D:4:      minmay_door_path, layout_rooms, minmay_door_square,
          nicolae_specific_store, kennysheep_potato, uniq_edmund, uniq_ijyb
D:5:      layout_rooms, st_stairs_7, grunt_decor_fettered,
          kennysheep_generic_room_7
D:6:      layout_basic, uniq_menkaure
D:7:      minmay_slanted_spiral_squares, layout_basic, temple_doors_e,
          serial_bayou_pond_a, kennysheep_generic_room_11
D:8:      minmay_the_grid_octo_tiled_squarecenter [minmay_the_grid_octo_77,
          minmay_the_grid_octo_pinwheel, minmay_the_grid_octo_empty,
          minmay_the_grid_octo_clover,
          minmay_the_grid_square_5x5_megaprize_checkered,
          minmay_the_grid_square_5x5_forky, minmay_the_grid_square_5x5_shuriken,
          minmay_the_grid_square_5x5_checkered_sparse,
          minmay_the_grid_square_5x5_fat_x], layout_basic,
          nicolae_shop_unique_rings, uniq_jeremiah, uniq_gastronok

Skill      XL: |  1  2  3  4  5  6  7  8  9 10 |
---------------+-------------------------------+-----
Axes           | 3 4 5 6 7 9 11 12 | 12.7
Fighting       | 4 5 7 8 9 |  9.0
Armour         | 4 5 6 7 8 |  8.2
Shields        | 4 5 6 7 8 |  8.2

Action                     |  1- 3 |  4- 6 |  7- 9 | 10-12 || total
---------------------------+-------+-------+-------+-------++-------
  Melee: War axe           |    71 |   199 |   238 |    81 ||   589
  Evoke: Wand              |       |       |     1 |     5 ||     6
    Use: Potion            |     1 |     2 |     1 |     5 ||     9
         Scroll            |       |     1 |     3 |     4 ||     8
 Armour: Scale mail        |    49 |    46 |   142 |    49 ||   286
         Chain mail        |       |    29 |     8 |       ||    37
  Dodge: Dodged            |    44 |   105 |   134 |    24 ||   307
  Block: Buckler           |    21 |    38 |    69 |    20 ||   148

Table legend: (Time is in decaauts)
 A = Elapsed time spent in this place.
 B = Non-inter-level travel time spent in this place.
 C = Inter-level travel time spent in this place.
 D = Time resting spent in this place.
 E = Time spent auto-exploring this place.
 F = Levels seen in this place.
 G = Mean time per level.
                   A        B        C        D        E       F      G
               +--------+--------+--------+--------+--------+-----+--------+
         Total |   6677 |   6532 |    145 |    825 |   4114 |   8 |  834.6 |
       Dungeon |   6677 |   6532 |    145 |    825 |   4114 |   8 |  834.6 |
               +--------+--------+--------+--------+--------+-----+--------+

Top non-repeatable levels by time:
     D:7: 1253 daAuts
     D:2: 1097 daAuts
     D:4: 1049 daAuts
     D:1: 862 daAuts
     D:3: 804 daAuts
     D:6: 748 daAuts
     D:5: 629 daAuts
     D:8: 231 daAuts
